 Dungeon Sprint DCSS version 0.21.1-1-g345015f (webtiles) character file.

5084 Fang the Severer (level 10, -3/112 HPs)
             Began as a Gargoyle Berserker on July 23, 2018.
             Was the Champion of Trog.
             Slain by a merfolk impaler
             ... wielding a +3 trident of venom
              (25 damage)
             ... in the Dungeon (Sprint VII: "The Pits").
             The game lasted 00:05:42 (2418 turns).

Fang the Severer (Gargoyle Berserker)               Turns: 2418, Time: 00:05:43

Health: -3/112     AC:  9    Str: 31    XL:     10   Next: 57%
Magic:  3/3        EV: 18    Int:  9    God:    Trog [******]
Gold:   0          SH:  0    Dex:  9    Spells: 9/9 levels left

rFire    . . .     SeeInvis .   r - +2 executioner's axe (antimagic)
rCold    . . .     Gourm    .   (shield currently unavailable)
rNeg     + . .     Faith    .   b - +0 animal skin
rPois    ∞         Spirit   .   (no helmet)
rElec    +         Reflect  .   (no cloak)
rCorr    .         Harm     .   (no gloves)
MR       .....     NoTele   +   (no boots)
Stlth    ..........             (no amulet)
HPRegen  0.28/turn              j - +3 ring of strength
MPRegen  0.08/turn              p - +3 ring of evasion

@: berserking (expiring), very quick
A: negative energy resistance 1, electricity resistance, unbreathing,
petrification resistance, rot immunity, AC +7
a: Berserk, Trog's Hand, Brothers in Arms, Burn Spellbooks, Renounce Religion


You were in the Dungeon.
You worshipped Trog.
Trog was exalted by your worship.
You were very hungry.

You visited 1 branch

Inventory:

Hand Weapons
 n - a +5 antimagic battleaxe
 q - a +2 war axe of freezing
 r - a +2 antimagic executioner's axe (weapon)
Missiles
 m - 7 silver javelins (quivered)
Armour
 b - a +0 animal skin (worn)
Jewellery
 j - a +3 ring of strength (left hand)
 p - a +3 ring of evasion (right hand)
Scrolls
 i - a scroll of blinking
 k - 3 scrolls of remove curse
 l - a scroll of summoning
Potions
 a - 2 potions of invisibility
 d - 6 potions of curing
 e - 14 potions of heal wounds
 f - a potion of haste
 g - 4 potions of magic
 h - 4 potions of berserk rage
 o - 2 potions of might
Comestibles
 c - 7 rations


   Skills:
 + Level 14.1 Fighting
 + Level 15.9 Axes
 + Level 4.4 Armour
 + Level 7.8 Dodging
 + Level 5.8 Stealth


You had 9 spell levels left.
You didn't know any spells.

Dungeon Overview and Level Annotations

Branches:
Dungeon (1/1)

Altars:
Cheibriados
Dithmenos
Elyvilon
Fedhas
Gozag
Hepliaklqana
Makhleb
Nemelex Xobeh
Okawaru
Qazlal
Ru
Sif Muna
Trog
Vehumet
Wu Jian
Xom
Yredelemnul
Zin
The Shining One
Beogh
Jiyva
Lugonu

Annotations:
D Ilsuiw


Innate Abilities, Weirdness & Mutations

You are resistant to torment.
Your stone body is resilient. (AC +7)
You are immune to poison.
You resist negative energy. (rN+)
You are resistant to electric shocks. (rElec)
You can survive without breathing.
You are immune to petrification.
You are immune to rotting.


Message History

The merfolk siren completely misses you.
Ilsuiw hits you from afar with a trident of freezing!
Ilsuiw freezes you.
You are too injured to fight recklessly!
Unknown command.
You are too injured to fight recklessly!
Unknown command.
You are too injured to fight recklessly!
Unknown command.
You are too injured to fight recklessly!
The merfolk hits you from afar with a trident.
The merfolk impaler hits you with a trident of venom!!
* * * LOW HITPOINT WARNING * * *
You slash the merfolk impaler!
The merfolk impaler is moderately wounded.
You miss Ilsuiw.
The merfolk siren hits you from afar with a spear of piercing.
* * * LOW HITPOINT WARNING * * *
x2 The merfolk impaler hits you with a trident of venom!!
You die...

...........+
.#..#......#
...........#
####''######
..##''########### ####
..##..).##..'...##...###
..##...##...#..##m.....#
..##..##...##..#.mC.....
..##.)#...##.).'@mm.....
..##..).)##...)###E.....
..##.##))#.......###....
######.).'.........##...
### #....#....####..## .
[[##..#..##..##.)##..+
[[##.###..##.'..†.'..#
))####.##..#.##..##..#
))###[..'..'..####...##


You could see Ilsuiw, a merfolk impaler, a merfolk, a cyclops, a water elemental
and a merfolk siren.

Vanquished Creatures
  A sea snake (D)
  A phantasmal warrior (D)
  A deep elf mage (D)
  3 gargoyles (D)
  A spiny frog (D)
  A kobold demonologist (D)
  A hornet (D)
  A tyrant leech (D)
  A flying skull (D)
  A ynoxinul (D)
  A fire bat (D)
  A steam dragon (D)
  2 acid dragons (D)
  A floating eye (D)
  A sky beast (D)
  A phantom (D)
  A centaur (D)
  A big kobold (D)
  3 wights (D)
  A hound (D)
  An orc priest (D)
  Terence (D)
  A worker ant (D)
  A hell rat (D)
  2 mummies (D)
  A gnoll (D)
  An adder (D)
  A leopard gecko (D)
  3 orcs (D)
  3 giant cockroaches (D)
  A goblin (D)
  A quokka (D)
  A bat (D)
  A kobold (D)
  A rat (D)
45 creatures vanquished.

Vanquished Creatures (collateral kills)
  A phantasmal warrior (D)
  A red devil (D)
  2 wights (D)
4 creatures vanquished.

Grand Total: 49 creatures vanquished

Notes
Turn   | Place    | Note
-------+----------+-------------------------------------------
     0 | D        | Fang the Gargoyle Berserker began the quest for the Orb.
     0 | D        | Reached XP level 1. HP: 14/14 MP: 1/1
    20 | D        | Reached skill level 3 in Axes
    25 | D        | Found a bloodstained altar of Trog.
    25 | D        | Found a deep blue altar of Sif Muna.
    25 | D        | Found a viscous altar of Jiyva.
    25 | D        | Found a hazy altar of Hepliaklqana.
    25 | D        | Found an opulent altar of Gozag.
    26 | D        | Found a glowing golden altar of the Shining One.
    26 | D        | Found a glowing silver altar of Zin.
    26 | D        | Found a basalt altar of Yredelemnul.
    26 | D        | Found a shimmering altar of Xom.
    26 | D        | Found an ornate altar of the Wu Jian Council.
    26 | D        | Found a sacrificial altar of Ru.
    26 | D        | Found a stormy altar of Qazlal.
    26 | D        | Found an iron altar of Okawaru.
    26 | D        | Found a sparkling altar of Nemelex Xobeh.
    26 | D        | Found a burning altar of Makhleb.
    26 | D        | Found a blossoming altar of Fedhas.
    26 | D        | Found a white marble altar of Elyvilon.
    26 | D        | Found a shadowy altar of Dithmenos.
    26 | D        | Found a snail-covered altar of Cheibriados.
    28 | D        | Found a radiant altar of Vehumet.
    28 | D        | Found a corrupted altar of Lugonu.
    28 | D        | Found a roughly hewn altar of Beogh.
    78 | D        | Reached ** piety under Trog
    78 | D        | Reached XP level 2. HP: 13/20 MP: 2/2
   197 | D        | Reached *** piety under Trog
   197 | D        | Reached skill level 4 in Axes
   200 | D        | Noticed a floating eye
   201 | D        | Paralysed by a floating eye for 2 turns
   205 | D        | Killed a floating eye
   205 | D        | Reached skill level 6 in Axes
   205 | D        | Reached XP level 3. HP: 28/28 MP: 3/3
   205 | D        | Reached XP level 4. HP: 32/32 MP: 4/4
   211 | D        | Reached XP level 5. HP: 37/37 MP: 5/5
   293 | D        | Noticed a sky beast
   315 | D        | Killed a sky beast
   315 | D        | Reached **** piety under Trog
   315 | D        | Reached skill level 8 in Axes
   360 | D        | Reached XP level 6. HP: 38/44 MP: 6/6
   493 | D        | Noticed a fire bat
   504 | D        | Killed a fire bat
   504 | D        | Reached skill level 9 in Axes
   606 | D        | Reached ***** piety under Trog
   606 | D        | Reached skill level 10 in Axes
   606 | D        | Reached XP level 7. HP: 42/51 MP: 7/7
   698 | D        | Noticed a hornet
   710 | D        | Killed a hornet
   710 | D        | Reached skill level 10 in Fighting
   710 | D        | Reached skill level 11 in Axes
   710 | D        | Reached skill level 5 in Dodging
   710 | D        | Reached skill level 1 in Stealth
   830 | D        | Noticed Terence
   830 | D        | Noticed a gargoyle
   830 | D        | Noticed a gargoyle
   836 | D        | Killed a gargoyle
   836 | D        | Reached XP level 8. HP: 43/59 MP: 8/8
   840 | D        | Killed a gargoyle
   840 | D        | Reached ****** piety under Trog
   840 | D        | Reached skill level 12 in Axes
   842 | D        | Killed Terence
   842 | D        | Received a gift from Trog
  1120 | D        | Noticed a phantasmal warrior
  1121 | D        | Noticed a red devil
  1130 | D        | Killed a phantasmal warrior
  1130 | D        | Reached skill level 13 in Axes
  1130 | D        | Reached XP level 9. HP: 16/64 MP: 3/9
  1135 | D        | Killed a red devil
  1536 | D        | Noticed a tyrant leech
  1548 | D        | Killed a tyrant leech
  1548 | D        | Received a gift from Trog
  1552 | D        | Reached skill level 14 in Axes
  1821 | D        | Noticed a gargoyle
  1834 | D        | Killed a gargoyle
  2034 | D        | Noticed a phantasmal warrior
  2036 | D        | Received a gift from Trog
  2045 | D        | Killed a phantasmal warrior
  2045 | D        | Reached XP level 10. HP: 73/73 MP: 3/10
  2085 | D        | Noticed a kobold demonologist
  2094 | D        | Killed a kobold demonologist
  2094 | D        | Received a gift from Trog
  2094 | D        | Reached skill level 15 in Axes
  2094 | D        | Reached skill level 5 in Stealth
  2314 | D        | Noticed a spiny frog
  2319 | D        | Killed a spiny frog
  2401 | D        | Noticed a sea snake
  2401 | D        | Noticed Ilsuiw
  2402 | D        | Noticed a merfolk siren
  2402 | D        | Noticed a deep elf mage
  2403 | D        | Noticed a merfolk impaler
  2409 | D        | Noticed a cyclops
  2410 | D        | Killed a sea snake
  2416 | D        | Killed a deep elf mage
  2418 | D        | Slain by a merfolk impaler

Skill      XL: |  1  2  3  4  5  6  7  8  9 10 |
---------------+-------------------------------+-----
Axes           | 3 6 8 10 11 13 14 15 | 15.9
Fighting       | 4 6 8 9 10 11 13 14 | 14.1
Dodging        | 2 3 4 5 6 7 |  7.8
Armour         | 3 4 |  4.4
Stealth        | 2 3 4 5 |  5.8

Action                   |  1- 3 |  4- 6 |  7- 9 | 10-12 || total
-------------------------+-------+-------+-------+-------++-------
Melee: Hand axe          |    23 |    48 |    36 |       ||   107
       Battleaxe         |       |       |    32 |     1 ||    33
       Executioner's axe |       |       |       |    21 ||    21
Invok: Berserk           |     1 |     1 |     6 |     1 ||     9
       Brothers in Arms  |       |       |     2 |       ||     2
 Stab: Sleeping          |       |       |       |     1 ||     1
  Eat: Chunk             |       |     1 |     3 |     1 ||     5
       Ration            |       |       |     2 |       ||     2
Armor: Animal skin       |     8 |    20 |    11 |     8 ||    47
Dodge: Dodged            |    19 |    32 |    47 |    24 ||   122
